AoeStats
← Infadel

Arabia

510257892Analyzed
1v1 RM · 1d ago on Sep 30, 2026· 53m 35s· 2 players
Game mode
Random Map
Map size
Tiny (2 player)
Population
200
Speed
Normal
Resources
Standard
Victory
Conquest
Starting age
Dark Age
Ending age
Imperial Age
RankedLock teamsTeams togetherTeam positionsShared explorationLock speedFull tech treeHidden civsTurbo modeCheats
Victory
Defeat
🇮🇳 Burgundians · India
1059
+17
🇨🇳 Japanese · China
1091
-17
Infadel
7:39 Loom
10:03 Feudal Age
8:53 Double-Bit Axe
10:57 Bow Saw
21:42 Castle Age
20:40 Forging
20:30 Stone Mining
21:26 Scale Mail Armor
21:22 Gold Mining
24:25 Wheelbarrow
24:09 Scale Barding Armor
24:40 Iron Casting
27:20 Chain Barding Armor
32:35 Hand Cart
33:38 Horse Collar
34:15 Town Watch
35:18 Gold Shaft Mining
35:19 Stone Shaft Mining
42:22 Imperial Age
40:47 Heavy Plow
41:04 Chain Mail Armor
41:10 Fletching
42:18 Bodkin Arrow
43:18 Elite Coustillier
44:46 Conscription
45:43 Plate Barding Armor
46:08 Blast Furnace
49:06 Chemistry
48:26 Ballistics
47:55 Elite Coustillier
49:26 Bracer
巨浪大切
5:11 Loom
10:33 Feudal Age
15:49 Castle Age
14:34 Double-Bit Axe
17:56 Fletching
24:13 Horse Collar
25:43 Bow Saw
27:56 Bodkin Arrow
33:20 Wheelbarrow
32:30 Town Watch
36:09 Squires
35:55 Gambesons
35:57 Arson
37:25 Pikeman
38:20 Scale Mail Armor
38:31 Forging
38:35 Pikeman
42:12 Imperial Age
43:50 Conscription
45:25 Capped Ram
47:04 Hand Cart
48:24 Chain Mail Armor
48:45 Iron Casting
48:19 Halberdier
51:12 Chain Mail Armor
51:33 Iron Casting
52:41 Heavy Plow
53:06 Man-at-Arms
Connection lost

Rejoining the realm…

Still unreachable

The connection could not be restored.

Session expired

The server has moved on; the page needs a fresh start.